 Dungeon Crawl Stone Soup version 0.25-a0-690-g234afa57d4 (webtiles) character file.

Game seed: 15180819954796726936, levelgen mode: deterministic

1818 tilp the Slinger (level 9, -11/62 HPs)
             Began as a Halfling Skald on Mar 27, 2020.
             Was an Initiate of Okawaru.
             Killed from afar by a wizard (42 damage)
             ... with a crystal spear
             ... on level 7 of the Dungeon on Mar 30, 2020.
             The game lasted 00:26:06 (9298 turns).

tilp the Slinger (Halfling Skald)                   Turns: 9298, Time: 00:26:06

Health: -11/62     AC:  4    Str: 12    XL:     9   Next: 32%
Magic:  12/12      EV: 17    Int: 11    God:    Okawaru [......]
Gold:   574        SH:  0    Dex: 19    Spells: 4/12 levels left

rFire    . . .     SeeInvis .   b - +0 hunting sling
rCold    . . .     Gourm    .   (shield restricted)
rNeg     . . .     Faith    .   v - +0 leather armour
rPois    .         Spirit   .   (no helmet)
rElec    .         Reflect  .   (no cloak)
rCorr    .         Harm     .   H - +0 pair of gloves (curse)
MR       .....                  (no boots)
Stlth    +.........             y - amulet of the acrobat
HPRegen  0.20/turn              o - +2 ring of dexterity
MPRegen  0.13/turn              (no ring)

@: studying Long Blades
A: small, mutation resistance 1
a: Renounce Religion


You were on level 7 of the Dungeon.
You worshipped Okawaru.
Okawaru was noncommittal.
You were not hungry.

You visited 2 branches of the dungeon, and saw 8 of its levels.
You also visited: Ossuary.

You collected 574 gold pieces.

Inventory:

Hand Weapons
 a - a +0 short sword
 b - a +0 hunting sling (weapon)
 G - a cursed +0 falchion
Missiles
 h - 9 poisoned darts
 i - 76 stones
 D - 79 sling bullets (quivered)
 E - a throwing net
Armour
 p - a +4 ring mail
 v - a +0 leather armour (worn)
 H - a cursed +0 pair of gloves (worn)
Magical Staves
 I - an uncursed staff of summoning {unknown}
 K - an uncursed staff of wizardry {unknown}
Jewellery
 o - a +2 ring of dexterity (left hand)
 y - an amulet of the acrobat (around neck)
 F - an uncursed amulet of harm {unknown}
 J - an uncursed amulet of regeneration {unknown}
Wands
 x - a wand of disintegration (8)
Scrolls
 e - 5 scrolls of remove curse
 j - a scroll of immolation
 k - a scroll of random uselessness {unknown}
 n - a scroll of fear
 q - a scroll of enchant armour {unknown}
 u - a scroll of amnesia
 w - a scroll of noise {unknown}
 C - a scroll of blinking
Potions
 d - 4 potions of berserk rage
 f - 3 potions of might {unknown}
 g - 4 potions of curing
 l - a potion of lignification {unknown}
 m - 3 potions of heal wounds
 r - a potion of brilliance {unknown}
 s - a potion of degeneration {unknown}
 t - 2 potions of mutation {unknown}
 z - 2 potions of stabbing {unknown}
 B - a potion of resistance {unknown}
Books
 A - a manual of Long Blades
Comestibles
 c - 7 rations


   Skills:
 - Level 6.0 Fighting
 - Level 2.4 Short Blades
 - Level 10.0 Slings
 - Level 1.1 Armour
 - Level 4.1 Dodging
 - Level 2.0 Spellcasting
 - Level 6.4 Charms
 + Level 1.2 Evocations


You had 4 spell levels left.
You knew the following spells:

 Your Spells              Type           Power        Failure   Level  Hunger
a - Infusion              Chrm           ###.         2%          1    ##.....
b - Shroud of Golubria    Chrm/Tloc      #.....       16%         2    ###....
c - Song of Slaying       Chrm           ###.....     4%          2    ###....
d - Ozocubu's Armour      Chrm/Ice       #.......     30%         3    ####...

Your spell library contained the following spells:

 Spells                   Type           Power        Failure   Level  Hunger
 Spectral Weapon          Hex/Chrm       #.......     30%         3    ####...


Dungeon Overview and Level Annotations

Branches:
Dungeon (7/15)             Temple (1/1) D:7         Ossuary (visited)

Altars:
Cheibriados
Dithmenos
Fedhas
Gozag
Hepliaklqana
Kikubaaqudgha
Makhleb
Nemelex Xobeh
Okawaru
Ru
Sif Muna
Trog
Uskayaw
Xom
Zin
The Shining One

Shops:
D:6 =

Annotations:
D:1 treasure behind deep water
D:2 1 runed translucent door, Crazy Yiuf, Jessica
D:3 3 runed translucent doors, sixsigma's ghost, amateur HuNe
D:4 Dowan; Duvessa
D:5 Sigmund
D:6 rc treasure


Innate Abilities, Weirdness & Mutations

You are small and have problems with some larger weapons.
You are somewhat resistant to further mutation.


Message History

Press: ? - help, Shift-Dir - straight line, f/p - wizard
Aim: a wizard, wielding a +0 dagger and wearing a +0 robe (heavily wounded, chance to defeat MR: 36%)
The wizard easily resists.
The wizard casts a spell at you. The crystal spear hits you!!!
Ouch! That really hurt!
* * * LOW HITPOINT WARNING * * *
Unknown command.
Evoke which item? (* to show all) (? for menu, Esc to quit)
Aiming: Disintegrate
Press: ? - help, Shift-Dir - straight line, f/p - wizard
Aim: a wizard, wielding a +0 dagger and wearing a +0 robe (heavily wounded, chance to defeat MR: 36%)
The wizard easily resists.
The wizard hits you with a +0 dagger.
* * * LOW HITPOINT WARNING * * *
Unknown command.
You feel much better.
The wizard points at you and mumbles some strange words.
The crystal spear hits you!!!
Ouch! That really hurt!
You die...

,,***,*****,**,**,*
,*,*,** *,**,**.#
,**,** *,,,,,,.#
*,*** *,,,,,,.#
,******* *,**,**.#
**,,,,,* #,**,**.#
####### **,,,,,*
#.,,,**.# #......
,,,,...* #.#####.#
#.#.### *,,,...#*
#...hp@.# #.#.##
*,,,.p..#####(#####
##.##.#
,,,,..h.....#.#
#..##.##
**,,≈≈≈(≈≈≈...#
#.####.#
*,≈≈##.##≈≈..#
######.####.#
*,≈*#...##≈..#
####.........##.
**,≈*.....#≈..#
##..(.........##.
*,,,,..?...≈..#
#..#.#.#.#.#..###
,,,≈*.[...#≈..#
#.............##.


You could see a wizard and a howler monkey.

Vanquished Creatures
  2 ice beasts (D:6)
  An orc warrior (D:5)
  A sky beast (D:7)
  A phantom (D:6)
  3 ogres
  3 bullfrogs
  A big kobold (D:6)
  A scorpion (D:4)
  3 howler monkeys
  2 hounds
  2 centaur zombies
  A jelly (D:6)
  An orc priest (D:4)
  A centaur skeleton (D:5)
  2 iguanas
  2 worker ants (D:4)
  Terence (D:2)
  A killer bee zombie (D:5)
  A big kobold zombie (Ossuary)
  2 mummies (Ossuary)
  A worker ant zombie (D:6)
  5 gnolls (D:6)
  10 adders
  A shadow imp (D:7)
  An adder skeleton (D:4)
  A worm (D:2)
  5 dart slugs
  4 leopard geckos
  16 orcs
  6 bats
  A giant cockroach (D:2)
  7 goblins
  6 hobgoblins
  12 jackals
  2 quokkas
  2 ball pythons
  9 frilled lizards
  3 gnoll zombies (Ossuary)
  2 goblin zombies (Ossuary)
  4 hobgoblin zombies (Ossuary)
  A jackal skeleton (D:4)
  8 kobolds
  3 orc zombies (Ossuary)
  A quokka skeleton (D:4)
  8 rats
151 creatures vanquished.

Vanquished Creatures (others)
  4 fungi (D:3)
4 creatures vanquished.

Grand Total: 155 creatures vanquished

Notes
Turn   | Place    | Note
-------+----------+-------------------------------------------
     0 | D:1      | tilp the Halfling Skald began the quest for the Orb.
     0 | D:1      | Reached XP level 1. HP: 14/14 MP: 3/3
   197 | D:1      | Reached XP level 2. HP: 18/20 MP: 0/4
   334 | D:1      | Learned a level 2 spell: Shroud of Golubria
   526 | D:1      | Reached XP level 3. HP: 24/26 MP: 2/5
  1022 | D:2      | Noticed Terence
  1408 | D:2      | Noticed Jessica
  1470 | D:2      | Reached XP level 4. HP: 32/32 MP: 0/6
  1571 | D:2      | Found a shimmering altar of Xom.
  1845 | D:2      | Found a runed translucent door.
  1846 | D:2      | Noticed Crazy Yiuf
  2092 | D:2      | Killed Terence
  2198 | D:3      | Reached XP level 5. HP: 36/37 MP: 1/7
  3033 | D:3      | Learned a level 2 spell: Song of Slaying
  3037 | D:3      | Learned a level 3 spell: Ozocubu's Armour
  3388 | D:3      | Found a runed translucent gate.
  3388 | D:3      | Found a runed translucent gate.
  3388 | D:3      | Found a runed translucent gate.
  3390 | D:3      | Noticed sixsigma's ghost (amateur HuNe)
  3404 | D:3      | Noticed a big kobold
  3417 | D:3      | Upgraded the game from 0.25-a0-667-gb977e01cb5 to
                  | 0.25-a0-690-g234afa57d4
  3885 | D:4      | Reached skill level 1 in Slings
  3946 | D:4      | Noticed Duvessa
  3964 | D:4      | Reached skill level 3 in Slings
  3964 | D:4      | Reached XP level 6. HP: 30/43 MP: 0/9
  3972 | D:4      | Noticed a troll
  4157 | D:4      | Reached skill level 4 in Slings
  4399 | D:4      | Found a blossoming altar of Fedhas,
  4400 | D:4      | Found an ancient bone altar of Kikubaaqudgha,
  4469 | D:4      | Reached skill level 5 in Slings
  4550 | D:4      | Found a shimmering blue altar of Sif Muna,
  4681 | D:4      | Reached skill level 6 in Slings
  4681 | D:4      | Reached XP level 7. HP: 32/48 MP: 8/10
  5796 | D:4      | Noticed Dowan
  5893 | D:5      | Entered Level 5 of the Dungeon
  5968 | D:5      | Reached skill level 5 in Charms
  6058 | D:5      | Reached XP level 8. HP: 34/54 MP: 11/11
  6227 | D:5      | Noticed Sigmund
  6751 | D:6      | Reached skill level 5 in Fighting
  7010 | D:6      | Found a glowing golden altar of the Shining One,
  7027 | D:6      | Found a hazy altar of Hepliaklqana,
  7246 | D:6      | Reached skill level 7 in Slings
  7263 | D:6      | Reached XP level 9. HP: 24/62 MP: 10/12
  7754 | D:6      | Reached skill level 8 in Slings
  7773 | D:6      | Found Qoreonwo's Jewellery Emporium,
  7855 | D:6      | Found a bloodstained altar of Trog,
  8470 | D:7      | Reached skill level 9 in Slings
  8533 | D:7      | Found a sand-covered staircase,
  8626 | Ossuary  | Entered an ossuary
  8912 | Ossuary  | Reached skill level 10 in Slings
  9180 | D:7      | Found a staircase to the Ecumenical Temple,
  9212 | Temple   | Entered the Ecumenical Temple
  9222 | Temple   | Became a worshipper of Warmaster Okawaru
  9245 | D:7      | Noticed a wizard
  9280 | D:7      | Reached skill level 1 in Evocations
  9298 | D:7      | Killed from afar by a wizard

Levels and vault maps discovered:
D:1:      dpeg_arrival_chase, layout_basic
D:2:      layout_loops_cross, lemuel_coloured_pillars_altar, hex_large,
          uniq_terence, uniq_jessica, uniq_crazy_yiuf_cottage
D:3:      layout_basic, first_ration, gammafunk_ghost_nasty_kobolds,
          wad_orctagon
D:4:      layout_loops_cross, grunt_temple_overflow_growth_and_decay,
          led_sif_pool, minmay_manual_monolith, uniq_duvessa
D:5:      lemuel_ratsnest, layout_rooms, uniq_sigmund
D:6:      lemuel_ice_spiral_2, layout_basic, old_standard_altar,
          lemuel_crystal_altar, serial_shops, kennysheep_mini, basic_altar,
          minmay_fractal_squares_diagonal_5
D:7:      cheibrodos_wizards_tower, layout_loops_cross, kennysheep_little_box,
          minmay_temple_entry_glass, chequers_ossuary_entry_cave,
          grunt_decor_clamped, minivault_14
Temple:   eino_temple_lava

Skill      XL: |  1  2  3  4  5  6  7  8  9 |
---------------+----------------------------+-----
Fighting       | 2 3 4 6 |  6.0
Spellcasting   | 2 |  2.0
Charms         | 4 5 6 |  6.4
Slings         | 3 6 7 10 | 10.0
Dodging        | 4 |  4.1
Evocations     | 1 |  1.2
Short Blades   | |  2.4
Armour         | |  1.1

Action                   |  1- 3 |  4- 6 |  7- 9 || total
-------------------------+-------+-------+-------++-------
Melee: Short sword       |    73 |   189 |    29 ||   291
       Hunting sling     |       |       |     1 ||     1
 Fire: Hunting sling     |       |    32 |   441 ||   473
Throw: Stone             |     2 |     2 |       ||     4
 Cast: Infusion          |    18 |    20 |     3 ||    41
       Shroud of Golubri |     2 |     3 |     6 ||    11
       Ozocubu's Armour  |       |       |     7 ||     7
Evoke: Wand              |       |       |     4 ||     4
  Use: Scroll            |     2 |     3 |     6 ||    11
       Potion            |       |       |     3 ||     3
 Stab: Sleeping          |     1 |     1 |       ||     2
  Eat: Chunk             |     2 |    12 |     9 ||    23
       Ration            |       |       |     2 ||     2
Armor: Leather armour    |    12 |    36 |    37 ||    85
Dodge: Dodged            |    41 |   173 |   211 ||   425

Table legend:
 A = Non-vault XP
 B = Vault XP
 C = Vault XP percentage of total XP
 D = Non-vault monster count
 E = Vault monster count
 F = Vault count percentage of total count
                 A         B        C        D         E       F
            +---------+---------+-------+---------+---------+-------
      Total |    2070 |     528 |  20.3 |     121 |      30 |  19.9
            +---------+---------+-------+---------+---------+-------
        D:1 |      39 |       0 |   0.0 |      21 |       0 |   0.0
        D:2 |      54 |      32 |  37.2 |      15 |       1 |   6.2
        D:3 |      79 |      13 |  14.1 |      25 |       5 |  16.7
        D:4 |     582 |      58 |   9.1 |      23 |       2 |   8.0
        D:5 |     382 |      14 |   3.5 |      10 |       1 |   9.1
        D:6 |     725 |     293 |  28.8 |      20 |       5 |  20.0
        D:7 |     209 |       0 |   0.0 |       7 |       0 |   0.0
    Ossuary |       0 |     118 | 100.0 |       0 |      16 | 100.0
            +---------+---------+-------+---------+---------+-------
